Connexion

Thunderbirds vs Heat

Created - 24 mars 2024 at 05:07

Goals
1 2 3 T
Thunderbirds 1 1 1 3
Heat 4 1 0 5
Shots
1 2 3 T
Thunderbirds 6 11 20 37
Heat 28 9 10 47

GoalsPenalties
1st period
1. Heat , Jacob Bryson 11 (Kyle Criscuolo 46, Nathan Smith 68) at 6:37
2. Heat , Tyce Thompson 26 (Aidan McDonough 43, Kevin Gravel 18) at 10:28
3. Heat , Egor Sokolov 16 (Jesper Lindgren 33, John Albert 11) at 11:42
4. Heat , Tarmo Reunanen 18 (Aidan McDonough 44, Tyce Thompson 31) at 15:31 (PP)
5. Thunderbirds , Austin Poganski 23 (Paul Stastny 54) at 17:59
Sergei Boikov (SPR) for Tripping (Minor) at 13:33
2nd period
6. Thunderbirds , Logan O'Connor 23 (Nolan Vesey 14, Aaron Harstad 13) at 2:15
7. Heat , Kyle Criscuolo 33 (Nathan Smith 69) at 6:11
Mathieu Joseph (STO) for Slashing (Minor) at 9:32
Sergei Boikov (SPR) for Interference (Minor) at 11:57
Noel Acciari (SPR) for Cross-checking (Minor) at 17:37
Egor Sokolov (STO) for High sticking (Minor) at 19:49
3rd period
8. Thunderbirds , Austin Poganski 24 (C.J. Smith 50, Paul Stastny 55) at 0:24 (PP)
Aidan McDonough (STO) for Hooking (Minor) at 3:11
C.J. Smith (SPR) for High sticking (Minor) at 6:01
Goalie Stats
Andrew D'Agostini (SPR), 42 saves from 47 shots - (0,894), L, 12-20-2, 60:00 minutes
Matthew Galajda (STO), 34 saves from 37 shots - (0,919), W, 25-20-5, 60:00 minutes
3 StarsOfficial
1 - Kyle Criscuolo (STO)
2 - Tyce Thompson (STO)
3 - Nathan Smith (STO)
Referees : Brad Watson and Greg Kimmerly
Linesman : Jay Sharrers and Steve Miller
Game Note
Michael Chaput is injured at 5:17 of 3rd period (Right Hand)
Finance
Level 1 -- Attendance: 1789 (89,45%) -- Ticket Income $62,615
Level 2 -- Attendance: 1000 (100,00%) -- Ticket Income $15,000
Total Attendance: 2789 (92,97%)
Total Ticket Income: $77,615
Other Income: $15,523
Total Income: $93,138



Team Name Goals Shots Shots Attemp Shots Blocked PIM HIT PP PK FO%
Thunderbirds 33764178241 / 3 (33%)145%
Heat 54710966241 / 4 (25%)155%

Thunderbirds
Player Name POS G A P +/- PIM HIT SHT SB MP PP MP PP SHT PK MP PK SHT FO% FOT
Aaron HarstadD0111000015:210:0000:0000% 0
Alex BelzileC/RW000-2003019:482:0702:45050% 2
Austin PoganskiRW2020005021:552:2624:5000% 3
Bobby NardellaD000-2010020:391:4202:5200% 0
C.J. SmithLW0110243017:042:2600:0000% 1
Chris WidemanD000-1013524:002:5115:0300% 0
Libor SulakD000-1011424:002:5115:0300% 0
Logan O'ConnorRW1011002114:130:0000:00025% 4
Lucas ElvenesC000001114:170:0000:00025% 4
Michael ChaputC/LW0001016010:160:0000:20071% 7
Noel AcciariC/RW000-2203119:112:0702:09141% 22
Nolan VeseyLW/RW0111011114:130:0000:00050% 2
Paul StastnyC022-1015125:292:2624:40053% 34
Ryan LombergLW000-2063017:032:0700:0000% 0
Sergei BoikovD0001411215:210:0000:0200% 0
Stefan NoesenRW000-102004:500:0001:06033% 3
Stelio MattheosC/RW000-101003:440:0000:00033% 3
Stuart PercyD000-2030120:371:4202:5000% 0
Heat
Player Name POS G A P +/- PIM HIT SHT SB MP PP MP PP SHT PK MP PK SHT FO% FOT
Aidan McDonoughLW0221213018:523:2310:0000% 0
Artur KayumovLW/RW000000016:290:0000:2800% 1
Brett LeasonRW0000004010:160:0000:0000% 0
Brinson PasichnukD0001025121:053:1512:0100% 0
Cole SchneiderLW/RW0000002010:480:3200:0000% 0
Egor SokolovLW/RW101021207:190:0001:19040% 5
Greg McKeggC/LW/RW0001051118:533:2310:00057% 23
Jacob BrysonD1010013024:244:4012:3200% 0
Jan JenikC/RW0000000010:160:0000:00077% 13
Jesper LindgrenD0111001014:310:0000:0000% 0
John Albert C011001106:010:0000:00050% 4
Kevin GravelD0111000114:310:0000:0000% 0
Kyle CriscuoloC/RW1121034021:474:3211:30020% 5
Mathieu JosephLW/RW0001236022:254:3222:09025% 4
Nathan SmithC0221035123:254:0013:40060% 30
Steven OleksyD0000042124:244:4012:3200% 0
Tarmo ReunanenD1011002021:053:1522:0100% 0
Tyce ThompsonRW1121006018:533:2310:0000% 0



Play-by-Play

1st period


0:01 of 1st period - Nathan Smith wins face-off versus Paul Stastny in neutral zone.
0:01 of 1st period - Nathan Smith is hit by C.J. Smith.
0:11 of 1st period - Shot by Mathieu Joseph.
0:11 of 1st period - Stopped by Andrew D'Agostini without a rebound.
0:12 of 1st period - Greg McKegg wins face-off versus Noel Acciari in Thunderbirds zone.
0:31 of 1st period - Shot by Tarmo Reunanen.
0:31 of 1st period - Shot Misses the Net.
0:51 of 1st period - Shot by Alex Belzile.
0:51 of 1st period - Shot Blocked by Greg McKegg.
1:21 of 1st period - Shot by Nathan Smith.
1:21 of 1st period - Stopped by Andrew D'Agostini with a rebound.
1:23 of 1st period - Shot by Jacob Bryson.
1:23 of 1st period - Stopped by Andrew D'Agostini without a rebound.
1:24 of 1st period - Jan Jenik wins face-off versus Paul Stastny in Thunderbirds zone.
1:25 of 1st period - Shot by Brett Leason.
1:25 of 1st period - Stopped by Andrew D'Agostini with a rebound.
1:27 of 1st period - Shot by Brett Leason.
1:27 of 1st period - Stopped by Andrew D'Agostini with a rebound.
1:29 of 1st period - Shot by Cole Schneider.
1:29 of 1st period - Stopped by Andrew D'Agostini without a rebound.
1:30 of 1st period - Jan Jenik wins face-off versus Paul Stastny in Thunderbirds zone.
1:58 of 1st period - Shot by C.J. Smith.
1:58 of 1st period - Deflect By Paul Stastny.
1:58 of 1st period - Shot Misses the Net.
2:19 of 1st period - Icing by Libor Sulak.
2:20 of 1st period - Paul Stastny wins face-off versus Nathan Smith in Thunderbirds zone.
2:22 of 1st period - Icing by Chris Wideman.
2:23 of 1st period - Nathan Smith wins face-off versus Paul Stastny in Thunderbirds zone.
2:26 of 1st period - Shot by Mathieu Joseph.
2:26 of 1st period - Shot Misses the Net.
2:47 of 1st period - Shot by Nathan Smith.
2:47 of 1st period - Shot Blocked by Libor Sulak.
2:49 of 1st period - Shot by Steven Oleksy.
2:49 of 1st period - Shot Blocked by Libor Sulak.
2:59 of 1st period - Shot by Mathieu Joseph.
2:59 of 1st period - Stopped by Andrew D'Agostini with a rebound.
3:01 of 1st period - Shot by Mathieu Joseph.
3:01 of 1st period - Shot Hit the Post.
3:45 of 1st period - Shot by John Albert .
3:45 of 1st period - Stopped by Andrew D'Agostini without a rebound.
3:46 of 1st period - Noel Acciari wins face-off versus Greg McKegg in Thunderbirds zone.
3:48 of 1st period - Icing by Alex Belzile.
3:49 of 1st period - Noel Acciari wins face-off versus Greg McKegg in Thunderbirds zone.
3:49 of 1st period - Noel Acciari is hit by Greg McKegg.
4:37 of 1st period - Kevin Gravel is hit by Michael Chaput and loses puck.
4:50 of 1st period - Shot by Nathan Smith.
4:50 of 1st period - Stopped by Andrew D'Agostini with a rebound.
4:52 of 1st period - Shot by Nathan Smith.
4:52 of 1st period - Stopped by Andrew D'Agostini without a rebound.
4:53 of 1st period - Michael Chaput wins face-off versus Nathan Smith in Thunderbirds zone.
4:53 of 1st period - Michael Chaput is hit by Nathan Smith.
5:09 of 1st period - Shot by Michael Chaput.
5:09 of 1st period - Stopped by Matthew Galajda without a rebound.
5:10 of 1st period - Jan Jenik wins face-off versus Noel Acciari in Heat zone.
5:31 of 1st period - Shot by Ryan Lomberg.
5:31 of 1st period - Shot Misses the Net.
5:33 of 1st period - Shot by Stuart Percy.
5:33 of 1st period - Shot Blocked by Brinson Pasichnuk.
5:35 of 1st period - Shot by Ryan Lomberg.
5:35 of 1st period - Stopped by Matthew Galajda with a rebound.
5:51 of 1st period - Brett Leason is hit by Nolan Vesey and loses puck.
6:15 of 1st period - Icing by Sergei Boikov.
6:16 of 1st period - Nathan Smith wins face-off versus Logan O'Connor in Thunderbirds zone.
6:19 of 1st period - Shot by Mathieu Joseph.
6:19 of 1st period - Stopped by Andrew D'Agostini without a rebound.
6:20 of 1st period - Nathan Smith wins face-off versus Stelio Mattheos in Thunderbirds zone.
6:23 of 1st period - Shot by Kyle Criscuolo.
6:23 of 1st period - Shot Misses the Net.
6:25 of 1st period - Shot by Kyle Criscuolo.
6:25 of 1st period - Shot Hit the Post.
6:27 of 1st period - Shot by Steven Oleksy.
6:27 of 1st period - Shot Misses the Net.
6:35 of 1st period - Shot by Kyle Criscuolo.
6:35 of 1st period - Shot Misses the Net.
6:37 of 1st period - Shot by Jacob Bryson.
6:37 of 1st period - Goal by Jacob Bryson - Thunderbirds : 0 - Heat : 1.
6:38 of 1st period - Noel Acciari wins face-off versus Greg McKegg in neutral zone.
6:55 of 1st period - Shot by Ryan Lomberg.
6:55 of 1st period - Stopped by Matthew Galajda with a rebound.
7:40 of 1st period - Kyle Criscuolo is hit by Stuart Percy and loses puck.
7:45 of 1st period - Shot by Kyle Criscuolo.
7:45 of 1st period - Shot Misses the Net.
7:47 of 1st period - Shot by Jacob Bryson.
7:47 of 1st period - Shot Misses the Net.
7:52 of 1st period - Nathan Smith is hit by Stuart Percy and loses puck.
7:59 of 1st period - Shot by Mathieu Joseph.
7:59 of 1st period - Stopped by Andrew D'Agostini without a rebound.
8:00 of 1st period - John Albert wins face-off versus Paul Stastny in Thunderbirds zone.
8:15 of 1st period - Shot by Egor Sokolov.
8:15 of 1st period - Shot Misses the Net.
8:17 of 1st period - Shot by Brinson Pasichnuk.
8:17 of 1st period - Stopped by Andrew D'Agostini with a rebound.
8:33 of 1st period - Shot by Egor Sokolov.
8:33 of 1st period - Stopped by Andrew D'Agostini with a rebound.
8:49 of 1st period - Shot by Tyce Thompson.
8:49 of 1st period - Stopped by Andrew D'Agostini with a rebound.
8:51 of 1st period - Shot by Tyce Thompson.
8:51 of 1st period - Stopped by Andrew D'Agostini without a rebound.
8:52 of 1st period - Nathan Smith wins face-off versus Michael Chaput in Thunderbirds zone.
9:03 of 1st period - Shot by Kyle Criscuolo.
9:03 of 1st period - Stopped by Andrew D'Agostini with a rebound.
9:16 of 1st period - Shot by Nathan Smith.
9:16 of 1st period - Shot Misses the Net.
9:52 of 1st period - Paul Stastny is hit by Mathieu Joseph and loses puck.
10:03 of 1st period - Greg McKegg is hit by Stelio Mattheos and loses puck.
10:28 of 1st period - Shot by Aidan McDonough.
10:28 of 1st period - Deflect By Tyce Thompson.
10:28 of 1st period - Goal by Tyce Thompson - Thunderbirds : 0 - Heat : 2.
10:29 of 1st period - Jan Jenik wins face-off versus Paul Stastny in neutral zone.
11:33 of 1st period - Jesper Lindgren is hit by Stuart Percy and loses puck.
11:42 of 1st period - Shot by Egor Sokolov.
11:42 of 1st period - Goal by Egor Sokolov - Thunderbirds : 0 - Heat : 3.
11:43 of 1st period - Michael Chaput wins face-off versus Nathan Smith in neutral zone.
12:04 of 1st period - Shot by Mathieu Joseph.
12:04 of 1st period - Shot Misses the Net.
12:06 of 1st period - Shot by Kyle Criscuolo.
12:06 of 1st period - Shot Misses the Net.
12:08 of 1st period - Shot by Kyle Criscuolo.
12:08 of 1st period - Stopped by Andrew D'Agostini with a rebound.
12:10 of 1st period - Shot by Mathieu Joseph.
12:10 of 1st period - Shot Hit the Post.
12:12 of 1st period - Shot by Jacob Bryson.
12:12 of 1st period - Shot Misses the Net.
12:14 of 1st period - Shot by Steven Oleksy.
12:14 of 1st period - Shot Blocked by Libor Sulak.
12:16 of 1st period - Shot by Jacob Bryson.
12:16 of 1st period - Shot Misses the Net.
12:18 of 1st period - Shot by Steven Oleksy.
12:18 of 1st period - Stopped by Andrew D'Agostini without a rebound.
12:19 of 1st period - Paul Stastny wins face-off versus Greg McKegg in Thunderbirds zone.
13:15 of 1st period - Shot by Jan Jenik.
13:15 of 1st period - Shot Misses the Net.
13:33 of 1st period - Minor Penalty to Sergei Boikov for Tripping.
13:34 of 1st period - Nathan Smith wins face-off versus Noel Acciari in Thunderbirds zone.
14:02 of 1st period - Shot by Steven Oleksy.
14:02 of 1st period - Shot Misses the Net.
14:14 of 1st period - Shot by Kyle Criscuolo.
14:14 of 1st period - Shot Misses the Net.
14:16 of 1st period - Shot by Kyle Criscuolo.
14:16 of 1st period - Shot Blocked by Chris Wideman.
14:27 of 1st period - Icing by Tarmo Reunanen.
14:28 of 1st period - Greg McKegg wins face-off versus Stefan Noesen in Heat zone.
14:33 of 1st period - Shot by Tarmo Reunanen.
14:33 of 1st period - Shot Misses the Net.
14:43 of 1st period - Michael Chaput is hit by Greg McKegg and loses puck.
14:59 of 1st period - Off-side.
15:00 of 1st period - Paul Stastny wins face-off versus Kyle Criscuolo in neutral zone.
15:00 of 1st period - Bobby Nardella is hit by Mathieu Joseph and loses puck.
15:22 of 1st period - Shot by Nathan Smith.
15:22 of 1st period - Stopped by Andrew D'Agostini without a rebound.
15:23 of 1st period - Greg McKegg wins face-off versus Noel Acciari in Thunderbirds zone.
15:23 of 1st period - Greg McKegg is hit by Chris Wideman.
15:29 of 1st period - Shot by Aidan McDonough.
15:29 of 1st period - Shot Misses the Net.
15:31 of 1st period - Shot by Tarmo Reunanen.
15:31 of 1st period - Goal by Tarmo Reunanen - Thunderbirds : 0 - Heat : 4.
15:32 of 1st period - Jan Jenik wins face-off versus Nolan Vesey in neutral zone.
15:43 of 1st period - Off-side.
15:44 of 1st period - Noel Acciari wins face-off versus Nathan Smith in neutral zone.
15:57 of 1st period - Shot by Jacob Bryson.
15:57 of 1st period - Shot Blocked by Noel Acciari.
16:17 of 1st period - Shot by Mathieu Joseph.
16:17 of 1st period - Shot Misses the Net.
16:19 of 1st period - Shot by Nathan Smith.
16:19 of 1st period - Shot Blocked by Chris Wideman.
16:21 of 1st period - Shot by Nathan Smith.
16:21 of 1st period - Shot Misses the Net.
16:23 of 1st period - Shot by Kyle Criscuolo.
16:23 of 1st period - Shot Misses the Net.
16:25 of 1st period - Shot by Jacob Bryson.
16:25 of 1st period - Shot Misses the Net.
17:11 of 1st period - Shot by Paul Stastny.
17:11 of 1st period - Stopped by Matthew Galajda without a rebound.
17:12 of 1st period - Nolan Vesey wins face-off versus Jan Jenik in Heat zone.
17:43 of 1st period - Shot by Cole Schneider.
17:43 of 1st period - Shot Hit the Post.
17:45 of 1st period - Shot by Brett Leason.
17:45 of 1st period - Stopped by Andrew D'Agostini with a rebound.
17:47 of 1st period - Shot by Brett Leason.
17:47 of 1st period - Stopped by Andrew D'Agostini with a rebound.
17:49 of 1st period - Shot by Jesper Lindgren.
17:49 of 1st period - Stopped by Andrew D'Agostini without a rebound.
17:50 of 1st period - Paul Stastny wins face-off versus Nathan Smith in Thunderbirds zone.
17:50 of 1st period - Paul Stastny is hit by Kyle Criscuolo.
17:53 of 1st period - Icing by Bobby Nardella.
17:54 of 1st period - Paul Stastny wins face-off versus Nathan Smith in Thunderbirds zone.
17:59 of 1st period - Shot by Austin Poganski.
17:59 of 1st period - Goal by Austin Poganski - Thunderbirds : 1 - Heat : 4.
18:00 of 1st period - Nathan Smith wins face-off versus Paul Stastny in neutral zone.
18:15 of 1st period - Shot by Austin Poganski.
18:15 of 1st period - Stopped by Matthew Galajda without a rebound.
18:16 of 1st period - Greg McKegg wins face-off versus Noel Acciari in Heat zone.
18:16 of 1st period - Greg McKegg is hit by Ryan Lomberg.
18:45 of 1st period - Shot by Tyce Thompson.
18:45 of 1st period - Stopped by Andrew D'Agostini without a rebound.
18:46 of 1st period - Nathan Smith wins face-off versus Paul Stastny in Thunderbirds zone.
Goals for this period are 1 for Thunderbirds vs 4 for Heat .
Shots for this period are 6 for Thunderbirds vs 28 for Heat .

2nd period


0:01 of 2nd period - Nathan Smith wins face-off versus Stelio Mattheos in neutral zone.
0:14 of 2nd period - Shot by Mathieu Joseph.
0:14 of 2nd period - Shot Hit the Post.
0:36 of 2nd period - Shot by Mathieu Joseph.
0:36 of 2nd period - Shot Misses the Net.
2:13 of 2nd period - Shot by Aaron Harstad.
2:13 of 2nd period - Shot Misses the Net.
2:15 of 2nd period - Shot by Nolan Vesey.
2:15 of 2nd period - Deflect By Logan O'Connor.
2:15 of 2nd period - The goal is going for a video replay.
2:15 of 2nd period - The goal is good.
2:15 of 2nd period - Goal by Logan O'Connor - Thunderbirds : 2 - Heat : 4.
2:16 of 2nd period - Jan Jenik wins face-off versus Paul Stastny in neutral zone.
2:27 of 2nd period - Shot by Jan Jenik.
2:27 of 2nd period - Shot Blocked by Chris Wideman.
2:40 of 2nd period - Austin Poganski is hit by Steven Oleksy and loses puck.
3:10 of 2nd period - Icing by Michael Chaput.
3:11 of 2nd period - Nathan Smith wins face-off versus Michael Chaput in Thunderbirds zone.
3:23 of 2nd period - Icing by Sergei Boikov.
3:24 of 2nd period - Greg McKegg wins face-off versus Logan O'Connor in Thunderbirds zone.
3:31 of 2nd period - Shot by Tyce Thompson.
3:31 of 2nd period - Shot Blocked by Nolan Vesey.
3:33 of 2nd period - Shot by Tyce Thompson.
3:33 of 2nd period - Shot Misses the Net.
4:37 of 2nd period - Shot by Nathan Smith.
4:37 of 2nd period - Shot Misses the Net.
4:40 of 2nd period - Icing by Stuart Percy.
4:41 of 2nd period - Egor Sokolov wins face-off versus Paul Stastny in Thunderbirds zone.
5:09 of 2nd period - Off-side.
5:10 of 2nd period - Logan O'Connor wins face-off versus Nathan Smith in neutral zone.
5:24 of 2nd period - Shot by Michael Chaput.
5:24 of 2nd period - Stopped by Matthew Galajda with a rebound.
5:26 of 2nd period - Shot by Michael Chaput.
5:26 of 2nd period - Stopped by Matthew Galajda without a rebound.
5:27 of 2nd period - Jan Jenik wins face-off versus Noel Acciari in Heat zone.
6:02 of 2nd period - Shot by Cole Schneider.
6:02 of 2nd period - Stopped by Andrew D'Agostini without a rebound.
6:03 of 2nd period - Nathan Smith wins face-off versus Austin Poganski in Thunderbirds zone.
6:03 of 2nd period - Kyle Criscuolo is hit by Bobby Nardella.
6:11 of 2nd period - Shot by Kyle Criscuolo.
6:11 of 2nd period - Goal by Kyle Criscuolo - Thunderbirds : 2 - Heat : 5.
6:12 of 2nd period - Paul Stastny wins face-off versus Nathan Smith in neutral zone.
6:36 of 2nd period - Mathieu Joseph is hit by C.J. Smith.
7:30 of 2nd period - Icing by Stuart Percy.
7:31 of 2nd period - Paul Stastny wins face-off versus Greg McKegg in Thunderbirds zone.
8:12 of 2nd period - Shot by Aidan McDonough.
8:12 of 2nd period - Shot Misses the Net.
8:30 of 2nd period - Shot by Ryan Lomberg.
8:30 of 2nd period - Stopped by Matthew Galajda without a rebound.
8:31 of 2nd period - Michael Chaput wins face-off versus Egor Sokolov in Heat zone.
8:56 of 2nd period - Shot by Michael Chaput.
8:56 of 2nd period - Stopped by Matthew Galajda with a rebound.
8:58 of 2nd period - Shot by Nolan Vesey.
8:58 of 2nd period - Shot Blocked by Artur Kayumov.
9:00 of 2nd period - Shot by Logan O'Connor.
9:00 of 2nd period - Shot Misses the Net.
9:04 of 2nd period - Shot by Nolan Vesey.
9:04 of 2nd period - Shot Misses the Net.
9:06 of 2nd period - Shot by Sergei Boikov.
9:06 of 2nd period - Shot Misses the Net.
9:08 of 2nd period - Shot by Michael Chaput.
9:08 of 2nd period - Stopped by Matthew Galajda with a rebound.
9:17 of 2nd period - Icing by Kevin Gravel.
9:18 of 2nd period - Noel Acciari wins face-off versus John Albert in Heat zone.
9:21 of 2nd period - Shot by Alex Belzile.
9:21 of 2nd period - Shot Misses the Net.
9:23 of 2nd period - Shot by Chris Wideman.
9:23 of 2nd period - Stopped by Matthew Galajda without a rebound.
9:24 of 2nd period - Nathan Smith wins face-off versus Noel Acciari in Heat zone.
9:31 of 2nd period - Ryan Lomberg is hit by Kyle Criscuolo.
9:32 of 2nd period - Minor Penalty to Mathieu Joseph for Slashing.
9:33 of 2nd period - Egor Sokolov wins face-off versus Noel Acciari in Heat zone.
10:07 of 2nd period - Shot by Libor Sulak.
10:07 of 2nd period - Stopped by Matthew Galajda with a rebound.
10:39 of 2nd period - Shot by Paul Stastny.
10:39 of 2nd period - Stopped by Matthew Galajda without a rebound.
10:40 of 2nd period - Paul Stastny wins face-off versus Kyle Criscuolo in Heat zone.
10:49 of 2nd period - Shot by C.J. Smith.
10:49 of 2nd period - Deflect By Austin Poganski.
10:49 of 2nd period - Stopped by Matthew Galajda without a rebound.
10:50 of 2nd period - Noel Acciari wins face-off versus Egor Sokolov in Heat zone.
11:39 of 2nd period - Aaron Harstad is hit by Aidan McDonough and loses puck.
11:57 of 2nd period - Minor Penalty to Sergei Boikov for Interference.
11:58 of 2nd period - Nathan Smith wins face-off versus Austin Poganski in Thunderbirds zone.
11:59 of 2nd period - Shot by Mathieu Joseph.
11:59 of 2nd period - Stopped by Andrew D'Agostini with a rebound.
12:45 of 2nd period - Tyce Thompson is hit by Libor Sulak.
13:55 of 2nd period - Shot by Noel Acciari.
13:55 of 2nd period - Stopped by Matthew Galajda without a rebound.
13:56 of 2nd period - Greg McKegg wins face-off versus Noel Acciari in Heat zone.
14:35 of 2nd period - Shot by John Albert .
14:35 of 2nd period - Shot Blocked by Logan O'Connor.
15:34 of 2nd period - Icing by Steven Oleksy.
15:35 of 2nd period - Stefan Noesen wins face-off versus Greg McKegg in Heat zone.
15:57 of 2nd period - Icing by Steven Oleksy.
15:58 of 2nd period - Paul Stastny wins face-off versus Greg McKegg in Heat zone.
16:26 of 2nd period - Paul Stastny is hit by Steven Oleksy and loses puck.
16:47 of 2nd period - Nolan Vesey is hit by Kyle Criscuolo and loses puck.
17:06 of 2nd period - Shot by Mathieu Joseph.
17:06 of 2nd period - Shot Misses the Net.
17:12 of 2nd period - Shot by Mathieu Joseph.
17:12 of 2nd period - Shot Misses the Net.
17:14 of 2nd period - Shot by Kyle Criscuolo.
17:14 of 2nd period - Shot Misses the Net.
17:37 of 2nd period - Minor Penalty to Noel Acciari for Cross-checking.
17:38 of 2nd period - Greg McKegg wins face-off versus Paul Stastny in Thunderbirds zone.
17:43 of 2nd period - Shot by Tyce Thompson.
17:43 of 2nd period - Shot Misses the Net.
17:45 of 2nd period - Shot by Greg McKegg.
17:45 of 2nd period - Stopped by Andrew D'Agostini without a rebound.
17:46 of 2nd period - Nathan Smith wins face-off versus Paul Stastny in Thunderbirds zone.
17:59 of 2nd period - Shot by Jacob Bryson.
17:59 of 2nd period - Stopped by Andrew D'Agostini without a rebound.
18:00 of 2nd period - Greg McKegg wins face-off versus Paul Stastny in Thunderbirds zone.
18:01 of 2nd period - Shot by Tarmo Reunanen.
18:01 of 2nd period - Shot Misses the Net.
18:17 of 2nd period - Shot by Tyce Thompson.
18:17 of 2nd period - Stopped by Andrew D'Agostini without a rebound.
18:18 of 2nd period - Paul Stastny wins face-off versus Mathieu Joseph in Thunderbirds zone.
18:18 of 2nd period - Paul Stastny is hit by Nathan Smith.
19:20 of 2nd period - Shot by Tarmo Reunanen.
19:20 of 2nd period - Shot Misses the Net.
19:22 of 2nd period - Shot by Aidan McDonough.
19:22 of 2nd period - Shot Blocked by Libor Sulak.
19:24 of 2nd period - Shot by Tarmo Reunanen.
19:24 of 2nd period - Stopped by Andrew D'Agostini with a rebound.
19:26 of 2nd period - Shot by Tyce Thompson.
19:26 of 2nd period - Shot Blocked by Chris Wideman.
19:28 of 2nd period - Shot by Brinson Pasichnuk.
19:28 of 2nd period - Stopped by Andrew D'Agostini with a rebound.
19:32 of 2nd period - Shot by Tyce Thompson.
19:32 of 2nd period - Shot Hit the Post.
19:34 of 2nd period - Shot by Aidan McDonough.
19:34 of 2nd period - Stopped by Andrew D'Agostini without a rebound.
19:35 of 2nd period - Nathan Smith wins face-off versus Stefan Noesen in Thunderbirds zone.
19:44 of 2nd period - Shot by Cole Schneider.
19:44 of 2nd period - Shot Misses the Net.
19:47 of 2nd period - Icing by Aaron Harstad.
19:48 of 2nd period - Michael Chaput wins face-off versus Artur Kayumov in Thunderbirds zone.
19:48 of 2nd period - Logan O'Connor is hit by Egor Sokolov and loses puck.
19:49 of 2nd period - Minor Penalty to Egor Sokolov for High sticking.
19:50 of 2nd period - Alex Belzile wins face-off versus Mathieu Joseph in Heat zone.
Goals for this period are 1 for Thunderbirds vs 1 for Heat .
Shots for this period are 11 for Thunderbirds vs 9 for Heat .

3rd period


0:01 of 3rd period - Paul Stastny wins face-off versus Nathan Smith in neutral zone.
0:24 of 3rd period - Shot by Austin Poganski.
0:24 of 3rd period - Goal by Austin Poganski - Thunderbirds : 3 - Heat : 5.
0:25 of 3rd period - Noel Acciari wins face-off versus Greg McKegg in neutral zone.
0:25 of 3rd period - Ryan Lomberg is hit by Greg McKegg and loses puck.
0:32 of 3rd period - Shot by Alex Belzile.
0:32 of 3rd period - Stopped by Matthew Galajda without a rebound.
0:33 of 3rd period - Greg McKegg wins face-off versus Noel Acciari in Heat zone.
0:40 of 3rd period - Shot by Greg McKegg.
0:40 of 3rd period - Shot Misses the Net.
0:47 of 3rd period - Stuart Percy is hit by Brinson Pasichnuk and loses puck.
0:52 of 3rd period - Shot by Alex Belzile.
0:52 of 3rd period - Stopped by Matthew Galajda without a rebound.
0:53 of 3rd period - Nathan Smith wins face-off versus C.J. Smith in Heat zone.
0:53 of 3rd period - Nathan Smith is hit by C.J. Smith.
1:18 of 3rd period - Shot by Austin Poganski.
1:18 of 3rd period - Shot Misses the Net.
1:20 of 3rd period - Shot by Paul Stastny.
1:20 of 3rd period - Stopped by Matthew Galajda with a rebound.
1:58 of 3rd period - Shot by Aidan McDonough.
1:58 of 3rd period - Stopped by Andrew D'Agostini without a rebound.
1:59 of 3rd period - Michael Chaput wins face-off versus Jan Jenik in Thunderbirds zone.
2:24 of 3rd period - Shot by Michael Chaput.
2:24 of 3rd period - Deflect By Logan O'Connor.
2:24 of 3rd period - Shot Misses the Net.
2:26 of 3rd period - Shot by Michael Chaput.
2:26 of 3rd period - Shot Blocked by Kevin Gravel.
2:28 of 3rd period - Shot by Michael Chaput.
2:28 of 3rd period - Stopped by Matthew Galajda without a rebound.
2:29 of 3rd period - Noel Acciari wins face-off versus Greg McKegg in Heat zone.
2:50 of 3rd period - Shot by Greg McKegg.
2:50 of 3rd period - Shot Misses the Net.
2:52 of 3rd period - Shot by Aidan McDonough.
2:52 of 3rd period - Shot Misses the Net.
3:00 of 3rd period - Shot by Aidan McDonough.
3:00 of 3rd period - Deflect By Tyce Thompson.
3:00 of 3rd period - Shot Misses the Net.
3:02 of 3rd period - Shot by Tyce Thompson.
3:02 of 3rd period - Stopped by Andrew D'Agostini with a rebound.
3:11 of 3rd period - Minor Penalty to Aidan McDonough for Hooking.
3:12 of 3rd period - Mathieu Joseph wins face-off versus Paul Stastny in Heat zone.
3:12 of 3rd period - Mathieu Joseph is hit by Paul Stastny.
3:25 of 3rd period - Icing by Libor Sulak.
3:26 of 3rd period - Paul Stastny wins face-off versus Mathieu Joseph in Thunderbirds zone.
3:42 of 3rd period - Austin Poganski is hit by Jacob Bryson and loses puck.
3:45 of 3rd period - Shot by Libor Sulak.
3:45 of 3rd period - Shot Misses the Net.
3:47 of 3rd period - Shot by Paul Stastny.
3:47 of 3rd period - Stopped by Matthew Galajda without a rebound.
3:48 of 3rd period - Nathan Smith wins face-off versus Noel Acciari in Heat zone.
4:43 of 3rd period - Shot by Chris Wideman.
4:43 of 3rd period - Shot Misses the Net.
4:45 of 3rd period - Shot by Chris Wideman.
4:45 of 3rd period - Stopped by Matthew Galajda without a rebound.
4:46 of 3rd period - Paul Stastny wins face-off versus Egor Sokolov in Heat zone.
5:16 of 3rd period - Michael Chaput is hit by Greg McKegg and loses puck.
5:17 of 3rd period - Michael Chaput from Thunderbirds is injured at 5:17 of 3rd period (Right Hand).
5:18 of 3rd period - Greg McKegg wins face-off versus Logan O'Connor in neutral zone.
5:38 of 3rd period - Shot by Lucas Elvenes.
5:38 of 3rd period - Stopped by Matthew Galajda with a rebound.
5:40 of 3rd period - Shot by Logan O'Connor.
5:40 of 3rd period - Shot Misses the Net.
5:42 of 3rd period - Shot by Aaron Harstad.
5:42 of 3rd period - Shot Misses the Net.
6:01 of 3rd period - Minor Penalty to C.J. Smith for High sticking.
6:02 of 3rd period - Nathan Smith wins face-off versus Austin Poganski in Thunderbirds zone.
6:03 of 3rd period - Shot by Kyle Criscuolo.
6:03 of 3rd period - Stopped by Andrew D'Agostini with a rebound.
6:07 of 3rd period - Shot by Mathieu Joseph.
6:07 of 3rd period - Shot Blocked by Chris Wideman.
6:09 of 3rd period - Shot by Steven Oleksy.
6:09 of 3rd period - Stopped by Andrew D'Agostini without a rebound.
6:10 of 3rd period - Paul Stastny wins face-off versus Nathan Smith in Thunderbirds zone.
6:25 of 3rd period - Shot by Kyle Criscuolo.
6:25 of 3rd period - Shot Blocked by Stuart Percy.
6:43 of 3rd period - Shot by Mathieu Joseph.
6:43 of 3rd period - Stopped by Andrew D'Agostini with a rebound.
7:46 of 3rd period - Icing by Jacob Bryson.
7:47 of 3rd period - Paul Stastny wins face-off versus Kyle Criscuolo in Heat zone.
8:01 of 3rd period - Nathan Smith is hit by Sergei Boikov and loses puck.
8:08 of 3rd period - Shot by Logan O'Connor.
8:08 of 3rd period - Stopped by Matthew Galajda without a rebound.
8:09 of 3rd period - Jan Jenik wins face-off versus Lucas Elvenes in Heat zone.
8:28 of 3rd period - Shot by Kevin Gravel.
8:28 of 3rd period - Shot Misses the Net.
8:30 of 3rd period - Shot by Kevin Gravel.
8:30 of 3rd period - Shot Blocked by Lucas Elvenes.
9:16 of 3rd period - Tyce Thompson is hit by Ryan Lomberg and loses puck.
9:28 of 3rd period - Ryan Lomberg is hit by Brinson Pasichnuk and loses puck.
10:10 of 3rd period - Icing by Austin Poganski.
10:11 of 3rd period - Paul Stastny wins face-off versus Kyle Criscuolo in Thunderbirds zone.
10:11 of 3rd period - Paul Stastny is hit by Nathan Smith.
10:21 of 3rd period - Shot by Austin Poganski.
10:21 of 3rd period - Stopped by Matthew Galajda with a rebound.
10:25 of 3rd period - Shot by C.J. Smith.
10:25 of 3rd period - Shot Misses the Net.
10:35 of 3rd period - Shot by C.J. Smith.
10:35 of 3rd period - Shot Misses the Net.
10:37 of 3rd period - Shot by Paul Stastny.
10:37 of 3rd period - Shot Misses the Net.
10:45 of 3rd period - Kyle Criscuolo is hit by C.J. Smith.
12:11 of 3rd period - Nolan Vesey is hit by John Albert and loses puck.
12:23 of 3rd period - Off-side.
12:24 of 3rd period - Lucas Elvenes wins face-off versus Greg McKegg in neutral zone.
12:29 of 3rd period - Tyce Thompson is hit by Lucas Elvenes and loses puck.
12:50 of 3rd period - Off-side.
12:51 of 3rd period - Stelio Mattheos wins face-off versus Nathan Smith in neutral zone.
12:58 of 3rd period - Kyle Criscuolo is hit by Stefan Noesen and loses puck.
13:07 of 3rd period - Shot by Chris Wideman.
13:07 of 3rd period - Stopped by Matthew Galajda with a rebound.
13:23 of 3rd period - Shot by Stefan Noesen.
13:23 of 3rd period - Shot Blocked by Nathan Smith.
13:25 of 3rd period - Shot by Stelio Mattheos.
13:25 of 3rd period - Shot Misses the Net.
13:49 of 3rd period - Shot by Noel Acciari.
13:49 of 3rd period - Stopped by Matthew Galajda without a rebound.
13:50 of 3rd period - Jan Jenik wins face-off versus Lucas Elvenes in Heat zone.
13:54 of 3rd period - Off-side.
13:55 of 3rd period - Greg McKegg wins face-off versus Alex Belzile in neutral zone.
13:57 of 3rd period - Steven Oleksy is hit by Ryan Lomberg and loses puck.
14:03 of 3rd period - Noel Acciari is hit by Steven Oleksy and loses puck.
14:06 of 3rd period - Shot by Alex Belzile.
14:06 of 3rd period - Stopped by Matthew Galajda with a rebound.
14:08 of 3rd period - Shot by Alex Belzile.
14:08 of 3rd period - Shot Misses the Net.
14:16 of 3rd period - Shot by Sergei Boikov.
14:16 of 3rd period - Stopped by Matthew Galajda with a rebound.
14:18 of 3rd period - Shot by Noel Acciari.
14:18 of 3rd period - Stopped by Matthew Galajda without a rebound.
14:19 of 3rd period - Paul Stastny wins face-off versus Nathan Smith in Heat zone.
14:20 of 3rd period - Shot by C.J. Smith.
14:20 of 3rd period - Stopped by Matthew Galajda without a rebound.
14:21 of 3rd period - Kyle Criscuolo wins face-off versus Paul Stastny in Heat zone.
14:54 of 3rd period - Icing by Chris Wideman.
14:55 of 3rd period - Greg McKegg wins face-off versus Paul Stastny in Thunderbirds zone.
15:04 of 3rd period - Shot by C.J. Smith.
15:04 of 3rd period - Stopped by Matthew Galajda without a rebound.
15:05 of 3rd period - Noel Acciari wins face-off versus Jan Jenik in Heat zone.
15:12 of 3rd period - Shot by Stuart Percy.
15:12 of 3rd period - Shot Misses the Net.
15:14 of 3rd period - Shot by Ryan Lomberg.
15:14 of 3rd period - Shot Blocked by Steven Oleksy.
16:15 of 3rd period - Shot by Mathieu Joseph.
16:15 of 3rd period - Shot Blocked by Sergei Boikov.
16:17 of 3rd period - Shot by Brinson Pasichnuk.
16:17 of 3rd period - Stopped by Andrew D'Agostini with a rebound.
16:32 of 3rd period - Shot by Brinson Pasichnuk.
16:32 of 3rd period - Stopped by Andrew D'Agostini with a rebound.
16:34 of 3rd period - Shot by Nathan Smith.
16:34 of 3rd period - Shot Blocked by Sergei Boikov.
16:44 of 3rd period - Shot by Nathan Smith.
16:44 of 3rd period - Stopped by Andrew D'Agostini with a rebound.
17:06 of 3rd period - Shot by Aidan McDonough.
17:06 of 3rd period - Stopped by Andrew D'Agostini without a rebound.
17:07 of 3rd period - Paul Stastny wins face-off versus John Albert in Thunderbirds zone.
17:42 of 3rd period - Shot by Chris Wideman.
17:42 of 3rd period - Shot Misses the Net.
17:44 of 3rd period - Shot by C.J. Smith.
17:44 of 3rd period - Stopped by Matthew Galajda with a rebound.
17:46 of 3rd period - Shot by Paul Stastny.
17:46 of 3rd period - Stopped by Matthew Galajda without a rebound.
17:47 of 3rd period - Greg McKegg wins face-off versus Noel Acciari in Heat zone.
17:52 of 3rd period - Noel Acciari is hit by Greg McKegg and loses puck.
18:03 of 3rd period - Greg McKegg is hit by Ryan Lomberg.
18:09 of 3rd period - Steven Oleksy is hit by Ryan Lomberg and loses puck.
18:19 of 3rd period - Alex Belzile is hit by Steven Oleksy.
18:34 of 3rd period - Aidan McDonough is hit by Stefan Noesen and loses puck.
18:53 of 3rd period - Stefan Noesen is hit by Mathieu Joseph and loses puck.
19:25 of 3rd period - Shot by Mathieu Joseph.
19:25 of 3rd period - Deflect By Kyle Criscuolo.
19:25 of 3rd period - Shot Misses the Net.
19:27 of 3rd period - Shot by Kyle Criscuolo.
19:27 of 3rd period - Shot Blocked by Paul Stastny.
19:29 of 3rd period - Shot by Brinson Pasichnuk.
19:29 of 3rd period - Stopped by Andrew D'Agostini without a rebound.
19:30 of 3rd period - Jan Jenik wins face-off versus Lucas Elvenes in Thunderbirds zone.
19:43 of 3rd period - Shot by Logan O'Connor.
19:43 of 3rd period - Deflect By Lucas Elvenes.
19:43 of 3rd period - Shot Hit the Post.
19:45 of 3rd period - Shot by Nolan Vesey.
19:45 of 3rd period - Stopped by Matthew Galajda without a rebound.
19:46 of 3rd period - John Albert wins face-off versus Noel Acciari in Heat zone.
19:46 of 3rd period - John Albert is hit by Ryan Lomberg.
Goals for this period are 1 for Thunderbirds vs 0 for Heat .
Shots for this period are 20 for Thunderbirds vs 10 for Heat .